 Dungeon Crawl Stone Soup version 0.20-a0-809-gaf7f668 (webtiles) character file.

37774 kidcy the Basher (level 13, 0/106 HPs)
             Began as a Demonspawn Monk on Mar 3, 2017.
             Was a High Priest of Makhleb.
             Succumbed to a spiny frog's poison
             ... on level 6 of the Lair of Beasts.
             The game lasted 00:47:03 (17069 turns).

kidcy the Basher (Demonspawn Monk)                 Turns: 17069, Time: 00:47:03

Health: 0/106      AC: 27    Str: 16    XL:     13   Next: 60%
Magic:  10/22      EV:  8    Int: 18    God:    Makhleb [*****.]
Gold:   862        SH:  0    Dex: 17    Spells: 12/12 levels left

rFire    + + +     SeeInvis .   Q - +10 whip "Qomidyeq" {slash, MR+ Str-2 Int+4 Dex+4}
rCold    + + +     Gourm    .   R - +6 chain mail "Umoteow" {rF++ MR+ Str+3}
rNeg     . . .     Faith    .   (no shield)
rPois    +         Spirit   +   (no helmet)
rElec    +         Reflect  .   p - scarf {rC+}
rCorr    +         Harm     .   (no gloves)
MR       ++...                  (no boots)
Stlth    ..........             j - amulet of guardian spirit
Regen    0.3/turn               x - ring of poison resistance
MPRegen  0.2/turn               E - ring of Cion {+Fly rC+++ Int+3 Dex-5 Slay+5}

@: lethally poisoned (0 -> -30), about to teleport, resistant, sanguine armour
A: talons 2, fire resistance 1, powered by pain 1, shaggy fur 1, flame cloud
immunity, sanguine armour 2
a: Minor Destruction, Lesser Servant of Makhleb, Major Destruction, Greater
Servant of Makhleb, Renounce Religion, Evoke Flight


You were on level 6 of the Lair of Beasts.
You worshipped Makhleb.
Makhleb was extremely pleased with you.
You were not hungry.

You visited 3 branches of the dungeon, and saw 17 of its levels.
You also visited: Labyrinth and Volcano.

You collected 862 gold pieces.

Inventory:

Hand Weapons
 q - the +5 falchion "Uceips" {slice, Str+4}
   (You found it on level 4 of the Dungeon)

   It inflicts extra damage upon your enemies.
   It affects your strength (+4).
 w - a +4 dire flail of crushing
 B - a +2 great mace of flaming
 Q - the +10 whip "Qomidyeq" (weapon) {slash, MR+ Str-2 Int+4 Dex+4}
   (You found it in a labyrinth)

   It inflicts extra damage upon your enemies.
   It affects your strength (-2).
   It affects your intelligence (+4).
   It affects your dexterity (+4).
   It affects your resistance to hostile enchantments.
Armour
 b - a +0 robe
 l - a +4 ring mail
 p - a scarf of cold resistance (worn)
 R - the +6 chain mail "Umoteow" (worn) {rF++ MR+ Str+3}
   (You found it in a labyrinth)

   It affects your strength (+3).
   It greatly protects you from fire.
   It affects your resistance to hostile enchantments.
Jewellery
 f - a +2 ring of evasion
 j - an amulet of guardian spirit (around neck)
 n - an uncursed ring of positive energy
 x - a ring of poison resistance (right hand)
 y - an uncursed ring of resist corrosion
 E - the ring of Cion (left hand) {+Fly rC+++ Int+3 Dex-5 Slay+5}
   (You found it on level 2 of the Lair of Beasts)

   [ring of intelligence]

   It affects your intelligence (+3).
   It affects your dexterity (-5).
   It affects your accuracy and damage with ranged weapons and melee attacks
   (+5).
   It renders you almost immune to cold.
   It lets you fly.
Wands
 m - a wand of paralysis (19/24)
 t - a wand of clouds (4/9)
 u - a wand of scattershot (4/9)
 z - a wand of disintegration (11/24)
 A - a wand of lightning (13/15)
 F - a wand of paralysis (19/24)
 O - a wand of acid (3/15)
Scrolls
 h - 4 scrolls of enchant armour
 k - 3 scrolls of remove curse
 v - a scroll of recharging
Potions
 c - a potion of agility
 d - 2 potions of lignification
 e - 4 potions of brilliance
 o - 2 potions of flight
 r - a potion of magic
Miscellaneous
 C - a fan of gales
Comestibles
 s - 25 fruits


   Skills:
 + Level 11.1 Fighting
 * Level 13.9 Maces & Flails
 + Level 9.7 Armour
 - Level 2.6 Dodging
 - Level 1.7 Stealth
 - Level 13.0 Invocations


You had 12 spell levels left.
You didn't know any spells.

Dungeon Overview and Level Annotations

Branches:
Dungeon (10/15)            Temple (1/1) D:4            Lair (6/6) D:9
  Swamp (0/4) Lair:3       Spider (0/4) Lair:3          Orc (0/2) D:10
  Slime: Lair:5-6

Altars:
Cheibriados
Fedhas
Makhleb
Nemelex Xobeh
Okawaru
Vehumet
Zin
The Shining One

Shops:
D:7 (


Innate Abilities, Weirdness & Mutations

You have razor-sharp toenails.
Your flesh is heat resistant. (rF+)
You sometimes gain a little power by taking damage.
You are immune to clouds of flame.
When seriously injured, your bleeding wounds create thick armour. (AC +9)
You are covered in fur. (AC +1)


Message History

The spriggan barely misses your ufetubus.
The yak gores your ynoxinul. The yak closely misses you.
Your ufetubus barely misses the crocodile.
Your ufetubus hits the crocodile.
Your ufetubus barely misses the spiny frog.
Your ufetubus closely misses the spiny frog.
Your ynoxinul hits the yak!
Your ufetubus hits the crocodile but does no damage.
Your ufetubus barely misses the crocodile.
You closely miss the spiny frog. You claw the spiny frog.
The spiny frog is almost dead.
* * * LOW HITPOINT WARNING * * *
You feel sick.
The spiny frog stings you but does no damage.
Something hits you. The crocodile barely misses you.
Unknown command.
You hit the spiny frog.
You kill the spiny frog!
The spiny frog's corpse dissolves into shadows!
You die...

♣...♣
♣....## ###.
♣♣ ♣♣..♣♣
♣....# #..
♣...♣....♣
♣....# #.#.
♣...g...♣♣
♣♣...# ##..
♣....♣♣..♣♣
♣♣♣..## ###
♣...♣
♣...♣♣♣...##
# ♣♣)♣
♣♣.Y♣♣...♣#
♣♣ ♣♣{.YY.♣♣
♣5@3YY♣
♣.5t5♣♣♣
♣..i♣♣♣♣
.....♣ ♣♣♣♣♣


You could see 5 yaks, a crocodile, a spriggan, a friendly ynoxinul and 3
friendly ufetubi.

Vanquished Creatures
  Kirke (Lair:4)
  2 hydras
  A minotaur (Lab)
  2 two-headed ogres (Volcano)
  6 death yaks (Lair:4)
  The ghost of Kidiri the Thaumaturge, a novice DEFE of Vehumet (D:9)
  An oklob plant (Lair:5)
  4 black mambas
  12 spiny frogs
  8 komodo dragons
  2 rime drakes
  A polar bear (Lair:6)
  2 jumping spiders (Lair:3)
  A dream sheep (Lair:6)
  3 blink frogs
  4 hippogriffs
  A spriggan (Lair:6)
  A redback (Lair:3)
  Eustachio (D:6)
  3 hogs (Lair:4)
  24 yaks
  A wyvern (Lair:3)
  4 fire bats (Volcano)
  2 basilisks
  A steam dragon (Lair:2)
  6 hungry ghosts
  Edmund (D:6)
  Menkaure (D:6)
  6 water moccasins
  A hell hound (Lair:1)
  15 porcupines
  A necrophage (D:10)
  3 sky beasts
  3 ice beasts
  2 orc warriors
  20 wolves
  3 phantoms (D:6)
  3 boggarts (Lair:6)
  6 ogres
  3 centaurs
  8 crocodiles
  Blork the orc (D:6)
  11 bullfrogs
  A wyvern zombie (D:5)
  3 scorpions
  3 killer bees (D:9)
  9 wights
  An electric eel (Lair:5)
  5 crimson imps
  7 lava snakes (Volcano)
  3 jellies
  3 orc priests (D:8)
  12 hounds
  A bullfrog skeleton (D:6)
  A centaur skeleton (D:6)
  5 orc wizards
  An iguana (D:9)
  Natasha (thrice) (D:3 D:4)
  6 worker ants
  A hound skeleton (D:8)
  Robin (D:2)
  A worker ant zombie (D:7)
  12 gnolls
  19 adders
  3 shadow imps
  An adder zombie (D:9)
  3 adder skeletons
  A worm (D:3)
  2 dart slugs
  5 leopard geckos
  13 orcs
  7 giant cockroaches
  13 goblins
  10 hobgoblins
  10 jackals
  13 kobolds
  2 quokkas
  A ball python (D:3)
  6 bats
  5 frilled lizards
  3 leopard gecko skeletons
  A leopard gecko zombie (D:6)
  3 rats
383 creatures vanquished.

Vanquished Creatures (collateral kills)
  Fannar (Lair:1)
  2 hydras
  2 two-headed ogres
  A spiny frog (Lair:1)
  3 yaks
  A fire bat (Volcano)
  A water moccasin (Lair:1)
  A hell hound (Lair:1)
  2 bullfrogs
  A lava snake (Volcano)
  A hound (D:8)
  An orc priest (D:8)
  An orc wizard (D:8)
  2 orcs (D:8)
  A jackal (D:8)
21 creatures vanquished.

Vanquished Creatures (others)
  Grinder (D:4)
  A worker ant (D:4)
  14 fungi
  14 plants
30 creatures vanquished.

Grand Total: 434 creatures vanquished

Notes
Turn   | Place    | Note
-------+----------+-------------------------------------------
     0 | D:1      | kidcy the Demonspawn Monk began the quest for the Orb.
     0 | D:1      | Reached XP level 1. HP: 18/18 MP: 1/1
   222 | D:1      | Gained mutation: Your flesh is heat resistant. (rF+) [demonic ancestry]
   222 | D:1      | Reached XP level 2. HP: 23/24 MP: 2/2
   806 | D:2      | Noticed Robin
   828 | D:2      | Reached XP level 3. HP: 19/29 MP: 1/3
   845 | D:2      | Killed Robin
   848 | D:2      | Reached skill level 1 in Armour
   895 | D:2      | HP: 1/29 [poisoned by an adder]
  1229 | D:2      | Gained mutation: When seriously injured, your bleeding wounds create armour. (AC +9) [demonic ancestry]
  1229 | D:2      | Reached XP level 4. HP: 28/35 MP: 2/4
  2498 | D:3      | Reached XP level 5. HP: 24/42 MP: 5/5
  3448 | D:3      | Noticed Natasha
  3460 | D:3      | Killed Natasha
  3476 | D:3      | Gained mutation: You are immune to clouds of flame. [demonic ancestry]
  3476 | D:3      | Reached XP level 6. HP: 16/49 MP: 6/6
  4176 | D:4      | Found a blossoming altar of Fedhas.
  4273 | D:4      | Noticed Natasha
  4279 | D:4      | Killed Natasha
  4298 | D:4      | Reached skill level 5 in Maces & Flails
  4402 | D:4      | Got an ancient falchion
  4403 | D:4      | Identified the +5 falchion "Uceips" {slice, Str+4} (You found it on level 4 of the Dungeon)
  4451 | D:4      | Noticed Natasha
  4457 | D:4      | Killed Natasha
  4599 | D:4      | Reached XP level 7. HP: 50/55 MP: 7/7
  4757 | D:4      | Reached skill level 5 in Fighting
  4782 | D:4      | Noticed Grinder
  4793 | D:4      | Paralysed by Grinder for 7 turns
  4794 | D:4      | Killed Grinder
  4956 | D:4      | Found a staircase to the Ecumenical Temple.
  4965 | Temple   | Entered the Ecumenical Temple
  4975 | Temple   | Became a worshipper of Makhleb the Destroyer
  4975 | Temple   | Reached * piety under Makhleb
  4975 | Temple   | Reached ** piety under Makhleb
  5198 | D:5      | Entered Level 5 of the Dungeon
  5216 | D:5      | Reached skill level 1 in Invocations
  5645 | D:5      | Reached XP level 8. HP: 17/63 MP: 2/9
  6068 | D:6      | Noticed Eustachio
  6118 | D:6      | Killed Eustachio
  6311 | D:6      | Noticed Menkaure
  6324 | D:6      | Killed Menkaure
  6390 | D:6      | Gained mutation: Your natural rate of healing is unusually fast. [mutagenic meat]
  6391 | D:6      | Gained mutation: You have sharp fingernails. [mutagenic meat]
  6392 | D:6      | Gained mutation: You tend to lose your temper in combat. [mutagenic meat]
  6393 | D:6      | Gained mutation: You passively map a small area around you. [mutagenic meat]
  6698 | D:6      | Found a radiant altar of Vehumet.
  6711 | D:6      | Noticed Edmund
  6727 | D:6      | Reached skill level 5 in Invocations
  6756 | D:6      | Killed Edmund
  6756 | D:6      | Gained mutation: When seriously injured, your bleeding wounds create thick armour. (AC +9) [demonic ancestry]
  6756 | D:6      | Reached XP level 9. HP: 36/71 MP: 4/12
  6902 | D:6      | Reached *** piety under Makhleb
  6913 | D:6      | Noticed Blork the orc
  6921 | D:6      | Killed Blork the orc
  7236 | D:6      | Reached skill level 5 in Armour
  7583 | D:7      | Found Uloadghy's Weapon Emporium.
  8204 | D:8      | Reached **** piety under Makhleb
  8394 | D:8      | Gained mutation: You sometimes gain a little power by taking damage. [demonic ancestry]
  8394 | D:8      | Reached XP level 10. HP: 79/79 MP: 12/15
  8402 | D:8      | Lost mutation: You tend to lose your temper in combat. [mutagenic meat]
  8403 | D:8      | Gained mutation: Your flesh is very heat resistant. (rF++) [mutagenic meat]
  8404 | D:8      | Gained mutation: You are frail. (-10% HP) [mutagenic meat]
  8808 | D:9      | Got a distressingly furry robe
  8820 | D:9      | Identified the +2 robe of the Crushed Stories {rElec rPois Dex+4 Slay+3} (You found it on level 9 of the Dungeon)
  8935 | D:9      | Gained mutation: You have large cloven feet. [mutagenic meat]
  8936 | D:9      | Lost mutation: You have large cloven feet. [mutagenic meat]
  8937 | D:9      | Gained mutation: You occasionally shout uncontrollably at your foes. [mutagenic meat]
  8938 | D:9      | Lost mutation: Your natural rate of healing is unusually fast. [mutagenic meat]
  8939 | D:9      | Gained mutation: You are very frail. (-20% HP) [mutagenic meat]
  8945 | D:9      | Lost mutation: You are very frail. (-20% HP) [potion of mutation]
  8945 | D:9      | Lost mutation: You are frail. (-10% HP) [potion of mutation]
  8945 | D:9      | Lost mutation: You occasionally shout uncontrollably at your foes. [potion of mutation]
  8945 | D:9      | Lost mutation: You have sharp fingernails. [potion of mutation]
  8945 | D:9      | Lost mutation: You passively map a small area around you. [potion of mutation]
  8945 | D:9      | Lost mutation: Your flesh is very heat resistant. (rF++) [potion of mutation]
  8945 | D:9      | Gained mutation: You have large cloven feet. [potion of mutation]
  8945 | D:9      | Gained mutation: You have hoof-like feet. [potion of mutation]
  8945 | D:9      | Gained mutation: You are covered in fur. (AC +1) [potion of mutation]
  9045 | D:9      | Found a staircase to the Lair.
  9065 | D:9      | Got a dazzling chain mail
  9076 | D:9      | Identified the cursed +1 chain mail of Masochism {Dex+4} (You found it on level 9 of the Dungeon)
  9153 | D:9      | Noticed Kidiri's ghost (novice DEFE)
  9193 | D:9      | Killed Kidiri's ghost
  9193 | D:9      | Reached skill level 10 in Maces & Flails
  9505 | D:10     | Entered Level 10 of the Dungeon
  9597 | D:10     | Found a staircase to the Orcish Mines.
  9724 | D:10     | Noticed a two-headed ogre
  9889 | Lair:1   | Entered Level 1 of the Lair of Beasts
 10061 | Lair:1   | Noticed Fannar
 10069 | Lair:1   | Noticed a seven-headed hydra
 10074 | Lair:1   | Killed Fannar
 10078 | Lair:1   | Killed a seven-headed hydra
 10078 | Lair:1   | Reached XP level 11. HP: 78/87 MP: 15/17
 10211 | Lair:1   | Noticed a four-headed hydra
 10212 | Lair:1   | Found a dark tunnel.
 10216 | Lair:1   | Killed a four-headed hydra
 10216 | Lair:1   | Reached ***** piety under Makhleb
 10223 | Volcano  | Entered a volcano
 10735 | Volcano  | Noticed a two-headed ogre
 10740 | Volcano  | Killed a two-headed ogre
 10750 | Volcano  | Found a radiant altar of Vehumet.
 10750 | Volcano  | Noticed a two-headed ogre
 10750 | Volcano  | Noticed an ogre mage
 10750 | Volcano  | Noticed a two-headed ogre
 10761 | Volcano  | Noticed a two-headed ogre
 10761 | Volcano  | Killed a two-headed ogre
 10763 | Volcano  | Noticed a red draconian
 10816 | Volcano  | Killed a two-headed ogre
 10816 | Volcano  | Reached skill level 10 in Invocations
 10834 | Lair:1   | HP: 3/89 [two-headed ogre/great mace of flaming (5)]
 11235 | Lair:1   | Killed a two-headed ogre
 11701 | Lair:2   | Noticed a five-headed hydra
 11709 | Lair:2   | Killed a five-headed hydra
 12054 | Lair:2   | Lost mutation: You have hoof-like feet. [demonic ancestry]
 12054 | Lair:2   | Lost mutation: You have large cloven feet. [demonic ancestry]
 12054 | Lair:2   | Gained mutation: You have sharp toenails. [demonic ancestry]
 12054 | Lair:2   | Reached XP level 12. HP: 92/96 MP: 17/19
 12909 | Lair:2   | Got a translucent amber ring
 13197 | Lair:2   | Reached skill level 10 in Fighting
 13497 | Lair:3   | Found a hole to the Spider Nest.
 13525 | Lair:3   | Found a staircase to the Swamp.
 13600 | Lair:3   | Found a labyrinth entrance.
 13611 | Lab      | Entered a labyrinth
 14045 | Lab      | Noticed a minotaur
 14053 | Lab      | Killed a minotaur
 14054 | Lab      | Identified Bierig's Tome of Excruciating Orientation
 14056 | Lab      | Got a twisted whip
 14058 | Lab      | Identified the +10 whip "Qomidyeq" {slash, MR+ Str-2 Int+4 Dex+4} (You found it in a labyrinth)
 14060 | Lab      | Got a dazzling chain mail
 14074 | Lab      | Identified the +6 chain mail "Umoteow" {rF++ MR+ Str+3} (You found it in a labyrinth)
 14085 | Lab      | Identified the ring of Cion {+Fly rC+++ Int+3 Dex-5 Slay+5} (You found it on level 2 of the Lair of Beasts)
 14284 | Lair:3   | Noticed a five-headed hydra
 14292 | Lair:3   | Killed a five-headed hydra
 15069 | Lair:4   | Noticed Kirke
 15077 | Lair:4   | Noticed a death yak
 15077 | Lair:4   | Noticed a death yak
 15078 | Lair:4   | Noticed a death yak
 15078 | Lair:4   | Noticed a death yak
 15079 | Lair:4   | Noticed a death yak
 15079 | Lair:4   | Noticed a death yak
 15269 | Lair:4   | Gained mutation: You have razor-sharp toenails. [demonic ancestry]
 15269 | Lair:4   | Reached XP level 13. HP: 104/104 MP: 22/22
 15650 | Lair:4   | Killed Kirke
 16533 | Lair:5   | You fall through a shaft!
 16533 | Lair:6   | Entered Level 6 of the Lair of Beasts
 17065 | Lair:6   | HP: 5/106 [spiny frog[a boggart] (11)]
 17068 | Lair:6   | HP: 1/106 [poisoned by a spiny frog]
 17069 | Lair:6   | Succumbed to a spiny frog's poison

Vault maps used:
D:1:      elethiomel_arrival_shortcut, minmay_misc_feat_square,
          minmay_tetromino_o2
D:2:      minmay_door_path, first_bread, nrook_loot_triangle, uniq_robin
D:3:      uniq_natasha
D:4:      wad_river_or_something, lemuel_temple_firewalk_a, fedhas_altar_4,
          uniq_grinder
D:5:      minivault_1
D:6:      cheibrodos_quashed, old_standard_altar, nicolae_underground_beach,
          uniq_eustachio, uniq_edmund, uniq_menkaure, uniq_blork_the_orc
D:7:      serial_shops, shop, grunt_ministairs_2
D:9:      grunt_lair_entry_orc_guard_hut
D:10:     orc_0_dummy
Temple:   nicolae_temple_the_god_donut
Lair:1:   enter_volcano_3, uniq_fannar
Lair:2:   minivault_27, beast_lair_carwin_7, grunt_megastairs_2,
          lemuel_fruit_tree
Lair:3:   swamp_mist, spider_nest_entry_a, lab_entry_generic,
          grunt_forest_small_clearing_treed
Lair:4:   uniq_kirke
Lair:5:   serial_bayou_lagoon_a, serial_bayou_crossing
Lair:6:   minmay_lair_end_enchanted_forest, slime_altar_1, lemuel_fruit_fields
Lab:      nicolae_lab_checkerboard, nicolae_lab_plus
Volcano:  volcano_grotto

Skill      XL: |  1  2  3  4  5  6  7  8  9 10 11 12 13 |
---------------+----------------------------------------+-----
Maces & Flails | 3 4 5 6 7 9 10 11 13 | 13.9
Armour         | 1 2 3 4 5 6 8 9 |  9.7
Fighting       | 4 5 6 7 8 9 10 11 | 11.1
Invocations    | 2 5 7 9 10 12 13 | 13.0
Dodging        | |  2.6
Stealth        | |  1.7

Action                   |  1- 3 |  4- 6 |  7- 9 | 10-12 | 13-15 || total
-------------------------+-------+-------+-------+-------+-------++-------
Melee: Mace              |   144 |   324 |       |       |       ||   468
       Flail             |       |    30 |   329 |       |       ||   359
       Dire flail        |       |       |   172 |   342 |       ||   514
       Kick              |       |       |       |   175 |   111 ||   286
       Great mace        |       |       |       |   156 |       ||   156
       Whip              |       |       |       |    86 |   274 ||   360
Invok: Minor Destruction |       |       |    11 |    29 |       ||    40
       Lesser Servant of |       |       |     1 |     6 |     1 ||     8
       Major Destruction |       |       |       |     4 |       ||     4
Evoke: Wand              |       |       |     1 |       |       ||     1
  Use: Potion            |     3 |       |       |     9 |     1 ||    13
       Scroll            |     2 |     6 |     9 |    15 |     7 ||    39
 Stab: Invisible         |     2 |       |       |       |       ||     2
       Sleeping          |       |     2 |     2 |     1 |       ||     5
       Distracted        |       |     1 |     2 |     3 |       ||     6
  Eat: Bread ration      |     1 |       |     1 |     2 |       ||     4
       Chunk             |       |     8 |    14 |    21 |     6 ||    49
       Meat ration       |       |       |       |     2 |       ||     2
Armor: Chain mail        |   125 |    87 |       |   381 |   179 ||   772
       Robe              |     2 |       |       |       |       ||     2
       Ring mail         |       |   113 |   172 |    17 |       ||   302
Dodge: Dodged            |    78 |   249 |   306 |   286 |   111 ||  1030
